 Dungeon Crawl Stone Soup version 0.30.1-11-g7821555f0a (webtiles) character file.

Game seed: 14290841830058259308

77 lonewolfV2 the Covered (level 4, 0/35 HPs)
             Began as a Demonspawn Fighter on Oct 30, 2023.
             Slain by a gnoll
             ... wielding a +0 club
              (1 damage)
             ... on level 3 of the Dungeon.
             The game lasted 00:03:48 (2226 turns).

lonewolfV2 the Covered (Demonspawn Fighter)         Turns: 2226, Time: 00:03:49

Health: 0/35       AC:  6    Str: 16    XL:     4   Next: 13%
Magic:  4/4        EV: 10    Int: 10    God:
Gold:   69         SH:  4    Dex: 14    Spells: 3/3 levels left

rFire   . . .        a - +0 war axe
rCold   . . .        c - +0 buckler
rNeg    . . .        b - +0 scale mail
rPois   .            (no helmet)
rElec   .            (no cloak)
rCorr   .            (no gloves)
SInv    .            (no boots)
Will    .....        (no amulet) Stlth
                     (no ring)
HPRegen 0.25/turn    (no ring)
MPRegen 0.09/turn

%: no passive effects
@: no status effects
A: hooves 1, demonic magic 2
a: no special abilities


You were on level 3 of the Dungeon.
You visited 1 branch of the dungeon, and saw 3 of its levels.

You collected 69 gold pieces.

Inventory:

Hand Weapons
 a - a +0 war axe (weapon)
Armour
 b - a +0 scale mail (worn)
 c - a +0 buckler (worn)
Jewellery
 e - an amulet of faith
Scrolls
 f - a scroll of identify
 i - 2 scrolls of teleportation
 n - a scroll of enchant weapon {unknown}
Potions
 d - a potion of might
 g - 3 potions of degeneration {unknown}
 h - a potion of flight {unknown}
 j - 2 potions of heal wounds
 k - a potion of curing {unknown}
 l - a potion of brilliance {unknown}
 m - a potion of attraction {unknown}


   Skills:
 - Level 3.0 Fighting
 - Level 1.7 Axes
 + Level 3.3 Armour
 * Level 2.8 Dodging
 - Level 2.6 Shields


You had 3 spell levels left.
You didn't know any spells.
Your spell library was empty.

Dungeon Overview and Level Annotations

Branches:
Dungeon (3/15)

Altars:

Shops:
D:2 !


Innate Abilities, Weirdness & Mutations

You have large cloven feet.
Spells you cast may paralyse nearby enemies.


Message History

No target in view!
Could not explore, unopened door.
Could not explore, unopened door.
Could not explore, unopened door.
Could not explore, unopened door.
You open the door.
A worm comes into view.
Found 2 inky potions.
There is an open door here.
A worm is nearby!
A worm is nearby!
A worm is nearby!
The worm barely misses you.
A gnoll comes into view. It is wielding a +0 halberd.
The gnoll shouts!
A gnoll comes into view. It is wielding a +0 flail.
The worm closely misses you.
The gnoll shouts!
A gnoll comes into view. It is wielding a +0 club.
The gnoll shouts!
You slash the worm!
The worm is heavily wounded.
The gnoll hits you from afar with a +0 halberd.
A gnoll comes into view. It is wielding a +0 spear.
The gnoll hits you from afar with a +0 halberd.
The gnoll shouts!
You slash the worm!
You kill the worm!
The gnoll closely misses you. The gnoll hits you with a +0 halberd.
The gnoll hits you with a +0 flail.
You closely miss the gnoll. You hit the gnoll but do no damage.
The gnoll hits you with a +0 halberd. The gnoll barely misses you.
You barely miss the gnoll. You kick the gnoll, but do no damage.
You hit the gnoll but do no damage. You hit the gnoll.
The gnoll hits you with a +0 halberd! The gnoll hits you with a +0 club.
* * * LOW HITPOINT WARNING * * *
The gnoll barely misses you. The gnoll hits you with a +0 flail.
* * * LOW HITPOINT WARNING * * *
The gnoll closely misses you. The gnoll hits you with a +0 club.
You die...

#.....#.....# #.#.........
#....†......# #...........
#....##<....#####.........
#....####.......'..†......
#....# #...#...#.........
....... #...#...#.........
......###+#.#.....#.........
#......##......gg..#.........
#.............g.@..#.......(.
##......g.!.#.........
......#+###.......... ######
........... .......#
.....#+## ...... ........


You could see 4 gnolls.

Vanquished Creatures
  A gnoll (D:1)
  An adder (D:2)
  3 worms
  A dart slug (D:2)
  5 bats
  7 endoplasms
  A goblin (D:2)
  3 hobgoblins
  6 jackals
  A quokka (D:1)
  2 ball pythons
  A frilled lizard (D:2)
  8 kobolds
  3 rats
43 creatures vanquished.

Notes
Turn   | Place    | Note
-------+----------+-------------------------------------------
     0 | D:1      | lonewolfV2 the Demonspawn Fighter began the quest for the
                  | Orb.
     0 | D:1      | Reached XP level 1. HP: 18/18 MP: 1/1
   128 | D:1      | Reached skill level 1 in Dodging
   130 | D:1      | Gained mutation: Spells you cast may paralyse adjacent
                  | enemies. [demonic ancestry]
   130 | D:1      | Reached XP level 2. HP: 23/24 MP: 2/2
   399 | D:1      | Gained mutation: Spells you cast may paralyse nearby
                  | enemies. [demonic ancestry]
   399 | D:1      | Reached XP level 3. HP: 29/29 MP: 3/3
  1182 | D:2      | Found Xaemeept's Distillery.
  1978 | D:2      | Gained mutation: You have large cloven feet. [demonic
                  | ancestry]
  1978 | D:2      | Reached XP level 4. HP: 35/35 MP: 4/4
  2226 | D:3      | HP: 1/35 [gnoll/+0 flail (4)]
  2226 | D:3      | Slain by a gnoll

Illustrated notes

Levels and vault maps discovered:
D:1:      dpeg_arrival_castle, layout_basic
D:2:      layout_rooms, serial_shops, nicolae_shop_trees,
          serial_co_window_serial, co_window_paths_b, co_window_paths_a,
          co_window_corner_a, co_window_of_opportunity_a, co_window_paths_a,
          co_window_broadway_b, co_window_broadway_b, co_window_2corner,
          co_window_cross_4, co_window_unsneaky_path_e, glass_columns_a,
          glass_columns_a, glass_columns_a, minmay_misc_feat_ornament,
          chequers_arboretum, grunt_ministairs_4
D:3:      layout_basic, gammafunk_ghost_gnarly_gnolls

Skill      XL: |  1  2  3 |
---------------+----------+-----
Dodging        | 1 2 |  2.8
Armour         | 3 |  3.3
Fighting       | |  3.0
Axes           | |  1.7
Shields        | |  2.6

Action                     |  1- 3 |  4- 6 || total
---------------------------+-------+-------++-------
  Melee: War axe           |   103 |    16 ||   119
         Kick              |       |     4 ||     4
    Use: Scroll            |     4 |       ||     4
 Armour: Scale mail        |    55 |     8 ||    63
  Dodge: Dodged            |    78 |    11 ||    89
  Block: Buckler           |    26 |     4 ||    30
